 Dungeon Crawl Stone Soup version 0.22-a0-587-g7d32d7c (webtiles) character file.

34 sking99 the Insei (level 3, 0/17 HPs)
             Began as a Vine Stalker Transmuter on July 4, 2018.
             Slain by a goblin
             ... wielding a +0 dagger
             ... led by Robin
              (3 damage)
             ... on level 2 of the Dungeon.
             The game lasted 00:02:46 (1638 turns).

sking99 the Insei (Vine Stalker Transmuter)         Turns: 1638, Time: 00:02:47

Health: 0/17       AC:  2    Str: 12    XL:     3   Next: 31%
Magic:  0/7        EV: 12    Int: 14    God:
Gold:   16         SH:  0    Dex: 14    Spells: 3/6 levels left

rFire    . . .     SeeInvis .     - Unarmed
rCold    . . .     Gourm    .   (no shield)
rNeg     . . .     Faith    .   b - +0 robe
rPois    .         Spirit   +   (no helmet)
rElec    .         Reflect  .   (no cloak)
rCorr    .         Harm     .   (no gloves)
MR       .....                  (no boots)
Stlth    +.........             (no amulet)
HPRegen  0.05/turn              (no ring)
MPRegen  0.10/turn              (no ring)

@: no status effects
A: fangs 2, magic shield, antimagic bite, no potion heal 3, rot immunity
a: no special abilities


You were on level 2 of the Dungeon.
You were not hungry.

You visited 1 branch of the dungeon, and saw 2 of its levels.

You collected 16 gold pieces.

Inventory:

Missiles
 a - 12 arrows
Armour
 b - a +0 robe (worn)
Scrolls
 e - a scroll of teleportation {unknown}
 f - a scroll of amnesia {unknown}
 g - a scroll of fog {unknown}
Potions
 c - a potion of heal wounds {unknown}
 h - 2 potions of curing {unknown}
 i - a potion of might {unknown}
Comestibles
 d - 2 rations
 j - 2 chunks of flesh


   Skills:
 - Level 0.8 Fighting
 - Level 1.5 Dodging
 * Level 4.3 Unarmed Combat
 - Level 2.1 Spellcasting
 - Level 2.0 Transmutations


You had 3 spell levels left.
You knew the following spells:

 Your Spells              Type           Power        Failure   Level  Hunger
a - Beastly Appendage     Tmut           #.....       11%         1    #......
b - Sticks to Snakes      Tmut           #.......     16%         2    ###....

Your spell library contained the following spells:

 Spells                   Type           Power        Failure   Level  Hunger
 Spider Form              Tmut/Pois      #.........   43%         3    ###....
 Blade Hands              Tmut           #.........   96%         5    ######.
 Ice Form                 Ice/Tmut       #.......     83%         4    #####..


Dungeon Overview and Level Annotations

Branches:
Dungeon (2/15)

Altars:

Annotations:
D:2 Robin


Innate Abilities, Weirdness & Mutations

You have extremely sharp teeth.
When hurt, damage is shared between your health and your magic reserves.
Your bite disrupts and absorbs the magic of your enemies.
Potions cannot restore your health.
You are immune to rotting.


Message History

You hit the goblin.
You kill the goblin!
You hit the hobgoblin but do no damage.
The hobgoblin no longer looks unusually strong.
The hobgoblin hits you. Robin throws the goblin at you!
You hit the hobgoblin but do no damage. Your punch misses the hobgoblin.
The hobgoblin closely misses you.
A goblin comes into view. It is wielding a dagger.
Robin completely misses you. The goblin hits you with a dagger.
Unknown command.
You barely miss the goblin. You bite the goblin. You drain its power.
You feel invigorated.
The goblin is moderately wounded.
The goblin no longer looks unusually strong. x2
The hobgoblin barely misses you. The goblin hits you with a club.
* * * LOW HITPOINT WARNING * * *
Robin hits you from afar with a spear.
* * * LOW HITPOINT WARNING * * *
The goblin hits you with a dagger.
You die...

# #.. #.### #.# #.#.#
#... #.#
###.#.###.########## #.#
#.........##.......# #.#
#.###........#####.# #.#
###.####.......# #.###.#
.......#..#.##.###
#.>...#
###.##.#..#....gg#
#######
#........####.#@#
#.............#g##
#.##...#######gg.#
##.##.#.### #..g#
.<........# #...#
.##.#..##.# #...#
.##.#..##.#####g..######
.##....##..............#
....#...................


You could see Robin, 2 hobgoblins and 4 goblins.

Vanquished Creatures
  An ooze (D:1)
  A leopard gecko (D:2)
  A ball python (D:1)
  A giant cockroach (D:2)
  4 goblins
  5 hobgoblins
  2 quokkas (D:2)
  3 bats (D:1)
  2 frilled lizards
  2 kobolds (D:2)
  4 rats (D:1)
26 creatures vanquished.

Notes
Turn   | Place    | Note
-------+----------+-------------------------------------------
     0 | D:1      | sking99 the Vine Stalker Transmuter began the quest for the Orb.
     0 | D:1      | Reached XP level 1. HP: 9/9 MP: 4/4
   454 | D:1      | Reached XP level 2. HP: 4/14 MP: 6/6
  1300 | D:2      | Reached skill level 4 in Unarmed Combat
  1310 | D:2      | Reached XP level 3. HP: 9/17 MP: 3/7
  1412 | D:2      | Learned a level 2 spell: Sticks to Snakes
  1603 | D:2      | Noticed Robin
  1638 | D:2      | Slain by a goblin

Vault maps used:
D:1:      minmay_arrival_shoal_huts
D:2:      lemuel_blue_sif_altar, chequers_ecumenical_altar_twisty,
          hangedman_decor_diamond_cutter, trog_three_pillars_becter, uniq_robin

Skill      XL: |  1  2 |
---------------+-------+-----
Unarmed Combat | 4 |  4.3
Fighting       | |  0.8
Dodging        | |  1.5
Spellcasting   | |  2.1
Transmutations | |  2.0

Action                   || total
-------------------------++-------
Melee: Unarmed           ||    76
       Bite              ||    11
  Eat: Chunk             ||     2
Armor: Robe              ||    14
Dodge: Dodged            ||    53

Table legend:
 A = Spawn XP
 B = Non-spawn XP
 C = Spawn XP percentage of total XP
 D = Spawn monster count
 E = Non-spawn monster count
 F = Spawn count percentage of total count
 G = Total turns spent on level
                    A         B        C        D         E        F      G
               +---------+---------+-------+---------+---------+-------+---------
         Total |       0 |      49 |   0.0 |       0 |      26 |   0.0 |  1638
               +---------+---------+-------+---------+---------+-------+---------
           D:1 |       0 |      28 |   0.0 |       0 |      15 |   0.0 |  1296
           D:2 |       0 |      21 |   0.0 |       0 |      11 |   0.0 |   342
               +---------+---------+-------+---------+---------+-------+---------
